AoeStats
← ClickBait

MegaRandom

509356769Analyzed
2v2 RM · 4d ago on Sep 26, 2026· 39m 37s· 4 players
Game mode
Random Map
Map size
Medium (4 player)
Population
200
Speed
Normal
Resources
Standard
Victory
Conquest
Starting age
Dark Age
Ending age
Imperial Age
RankedLock teamsTeams togetherTeam positionsShared explorationLock speedFull tech treeHidden civsTurbo modeCheats
Victory
Defeat
🇨🇦 Britons · Canada
1378
+13
🇹🇼 Danes · Taiwan
1316
+17
🇷🇴 Danes · Romania
1324
-15
🇩🇰 Malay · Denmark
1317
-15
Gogogo
10:00 Loom
12:05 Feudal Age
12:39 Double-Bit Axe
17:35 Scale Barding Armor
18:29 Forging
20:20 Bloodlines
24:13 Castle Age
22:59 Stone Mining
25:18 Bow Saw
26:34 Wheelbarrow
28:17 Scale Mail Armor
31:43 Chain Mail Armor
32:03 Iron Casting
31:51 Squires
31:36 Arson
31:51 Squires
31:36 Arson
33:21 Iron Casting
32:36 Gambesons
34:30 Fletching
37:06 Hamask
38:39 Horse Collar
Jaha
4:38 Loom
15:23 Feudal Age
20:11 Castle Age
18:15 Fletching
21:51 Town Watch
39:09 Fervor
ClickBait
7:23 Loom
13:48 Feudal Age
24:33 Castle Age
22:30 Horse Collar
22:59 Double-Bit Axe
24:32 Pikeman
25:15 Heavy Plow
26:04 Bow Saw
27:54 Wheelbarrow
27:04 Town Watch
31:21 Town Watch
38:37 Crossbowman
39:49 Fletching
HexenSlayer
4:30 Loom
15:00 Feudal Age
15:48 Town Watch
18:31 Castle Age
20:14 Scale Mail Armor
25:01 Squires
24:55 Arson
25:34 Forging
28:34 Chain Mail Armor
Connection lost

Rejoining the realm…

Still unreachable

The connection could not be restored.

Session expired

The server has moved on; the page needs a fresh start.